 Dungeon Crawl Stone Soup version 0.30.0-29-ga12c61a403 (webtiles) character file.

Game seed: 15393478253497598424

330188 seaoflcl the Impregnable (level 20, 0/181 HPs)
             Began as a Minotaur Fighter on June 11, 2023.
             Was a Believer of Okawaru.
             Slain by a sixfirhy (3 damage)
             ... led by a cacodemon
             ... on level 5 of the Abyss.
             The game lasted 02:22:35 (46269 turns).

seaoflcl the Impregnable (Minotaur Fighter)        Turns: 46269, Time: 02:22:35

Health: 0/181      AC: 43    Str: 31    XL:     20   Next: 84%
Magic:  18/19      EV: 13    Int:  8    God:    Okawaru [**....]
Gold:   2179       SH: 25    Dex: 10    Spells: 19/19 levels left

rFire   + + +        H - +9 broad axe (spect)
rCold   + + +        u - +2 tower shield {rF+}
rNeg    . . .        A - +9 ice dragon scales of Jumemi {rF- rC++ Int+3}
rPois   +            q - +4 hat "Cawo" {rElec Str+3 SInv}
rElec   +            B - scarf "Vaegij" {rC+ rF+, Will+}
rCorr   .            r - +0 pair of gloves "Hiseses" {rF++}
SInv    +            w - +3 pair of seven-league boots {Rampage+∞}
Will    ++...        E - amulet of reflection Stlth
                     L - +4 ring of protection
HPRegen 0.50/turn    Z - ring of poison resistance
MPRegen 0.16/turn

%: reflection, rampage+∞
@: studying Polearms
A: horns 2, retaliatory headbutt, iridescent scales 1, clumsy 1, subdued magic
1, MP-powered wands
}: 2/15 runes: serpentine, barnacled
a: Renounce Religion, Heroism


You were on level 5 of the Abyss.
You worshipped Okawaru.
Okawaru was pleased with you.
You visited 9 branches of the dungeon, and saw 36 of its levels.
You visited the Abyss 3 times.
You also visited: Bailey, Gauntlet, Ice Cave and Volcano.

You collected 4499 gold pieces.
You spent 2320 gold pieces at shops.

Inventory:

Hand Weapons
 h - the +10 morningstar of Dithmenos, Bedazzling {spect, rCorr Int+4}
   (You found it on level 1 of the Shoals)

   Int:       It affects your intelligence (+4).
   rCorr:     It protects you from acid and corrosion.
 H - a +9 spectral broad axe (weapon)
 I - a +7 long sword of draining
 M - a +5 short sword of freezing
 S - a +5 hand axe of venom
 U - a +5 mace of holy wrath
Missiles
 o - 4 silver javelins (quivered)
 T - 33 poisoned darts
 V - 17 javelins
Armour
 d - a +4 plate armour of willpower
 k - the +1 hat of the Elven Halls {rF- rN++ Int+2 Dex+3}
   (Okawaru gifted it to you on level 2 of the Elven Halls)

   Int:       It affects your intelligence (+2).
   Dex:       It affects your dexterity (+3).
   rF:        It makes you vulnerable to fire.
   rN:        It greatly protects you from negative energy.
 q - the +4 hat "Cawo" (worn) {rElec Str+3 SInv}
   (You acquired it on level 10 of the Dungeon)

   Str:       It affects your strength (+3).
   rElec:     It insulates you from electricity.
   SInv:      It lets you see invisible.
 r - the +0 pair of gloves "Hiseses" (worn) {rF++}
   (You acquired it on level 5 of the Lair of Beasts)

   rF:        It greatly protects you from fire.
 u - a +2 tower shield of fire resistance (worn)
 w - the +3 pair of seven-league boots (worn) {Rampage+∞}
   (You bought it in a shop on level 1 of the Vaults)

   Rampage+∞: When moving toward enemies, its wearer moves as far as possible,
   alerting their target en route.
 A - the +9 ice dragon scales of Jumemi (worn) {rF- rC++ Int+3}
   (You found it in an ice cave)

   Int:       It affects your intelligence (+3).
   rF:        It makes you vulnerable to fire.
   rC:        It greatly protects you from cold.
 B - the scarf "Vaegij" (worn) {rC+ rF+, Will+}
   (Okawaru gifted it to you in an ice cave)

   Will:      It increases your willpower.
 C - the quicksilver dragon scales of Geshra {+Blink Will+}
   (Okawaru gifted it to you on level 5 of the Lair of Beasts)

   +Blink:    It lets you blink.
   Will:      It increases your willpower.
 N - a +2 cloak of poison resistance
Jewellery
 a - an amulet of regeneration
 l - a ring of protection from fire
 E - an amulet of reflection (around neck)
 L - a +4 ring of protection (left hand)
 W - a ring of resist corrosion
 Y - a ring of flight
 Z - a ring of poison resistance (right hand)
Wands
 b - a wand of light (15)
 e - a wand of polymorph (15)
 t - a wand of paralysis (43)
 z - a wand of flame (58)
 G - a wand of iceblast (33)
 J - a wand of digging (16)
 X - a wand of mindburst (20)
Scrolls
 f - 17 scrolls of teleportation
 j - 8 scrolls of blinking
 m - 7 scrolls of fear
 n - 7 scrolls of immolation
 F - 6 scrolls of poison
 P - 3 scrolls of fog
Potions
 c - 2 potions of haste
 p - 19 potions of curing
 s - 3 potions of lignification
 v - a potion of resistance
 x - 6 potions of invisibility
 y - 5 potions of might
 D - a potion of berserk rage
 K - 8 potions of ambrosia
 O - a potion of flight
 Q - 7 potions of mutation
 R - 2 potions of cancellation
Miscellaneous
 i - a tin of tremorstones (2/2)


   Skills:
 + Level 16.3 Fighting
 - Level 11.7(12.4) Short Blades
 + Level 7.0(10.8) Long Blades
 - Level 16.2(18.8) Axes
 * Level 15.7(18.5) Maces & Flails
 + Level 13.3 Throwing
 * Level 21.2 Armour
 + Level 10.4 Dodging
 + Level 16.2 Shields
 + Level 10.8 Evocations


You had 19 spell levels left.
You didn't know any spells.
Your spell library contained the following spells:

 Spells                   Type           Power      Damage    Failure   Level
 Freeze                   Ice            0%         1d3       77%         1
 Kiss of Death            Conj/Necr      0%         2d5       77%         1
 Magic Dart               Conj           0%         1d3       77%         1
 Necrotise                Necr           0%         1d4       77%         1
 Sandblast                Erth           0%         2d4       77%         1
 Shock                    Conj/Air       0%         1d3       77%         1
 Blink                    Tloc           0%         N/A       88%         2
 Ensorcelled Hibernation  Hex/Ice        0%         N/A       88%         2
 Static Discharge         Conj/Air       0%         2-2/arc   88%         2
 Confusing Touch          Hex            0%         N/A       98%         3
 Dazzling Flash           Conj/Hex       0%         N/A       98%         3
 Frozen Ramparts          Ice            0%         1d1       98%         3
 Hailstorm                Conj/Ice       0%         3d3       98%         3
 Mephitic Cloud           Conj/Pois/Air  0%         N/A       98%         3
 Ozocubu's Armour         Ice            0%         N/A       98%         3
 Portal Projectile        Hex/Tloc       0%         N/A       98%         3
 Spider Form              Tmut/Pois      0%         N/A       98%         3
 Swiftness                Air            0%         N/A       98%         3
 Teleport Other           Tloc           0%         N/A       98%         3
 Vampiric Draining        Necr           0%         2d6       98%         3
 Vhi's Electric Charge    Tloc/Air       0%         N/A       98%         3
 Volatile Blastmotes      Fire/Tloc      0%         2d10      98%         3
 Airstrike                Air            0%         2d(0-16)  100%        4
 Anguish                  Hex/Necr       0%         N/A       100%        4
 Cause Fear               Hex            0%         N/A       100%        4
 Dispel Undead            Necr           0%         3d6       100%        4
 Flame Wave               Conj/Fire      0%         2d4       100%        4
 Ice Form                 Ice/Tmut       0%         N/A       100%        4
 Iskenderun's Mystic Bla  Conj/Tloc      0%         2d3       100%        4
 Leda's Liquefaction      Hex/Erth       0%         N/A       100%        4
 Petrify                  Tmut/Erth      0%         N/A       100%        4
 Agony                    Necr           0%         N/A       100%        5
 Arcjolt                  Conj/Air       0%         1d10      100%        5
 Freezing Cloud           Conj/Ice/Air   0%         6-21      100%        5
 Iskenderun's Battlesphe  Conj           0%         2d6       100%        5
 Metabolic Englaciation   Hex/Ice        0%         N/A       100%        5
 Iron Shot                Conj/Erth      0%         9d1       100%        6
 Plasma Beam              Fire/Air       0%         2x1d11    100%        6
 Starburst                Conj/Fire      0%         6d3       100%        6
 Statue Form              Tmut/Erth      0%         N/A       100%        6
 Enfeeble                 Hex            0%         N/A       100%        7
 Chain Lightning          Conj/Air       0%         N/A       100%        9
 Fire Storm               Conj/Fire      0%         5d1       100%        9
 Shatter                  Erth           0%         3d5*      100%        9
 Call Imp                 Summ           Unusable   N/A       N/A         2
 Call Canine Familiar     Summ           Unusable   N/A       N/A         3
 Summon Lightning Spire   Summ/Air       Unusable   N/A       N/A         4
 Simulacrum               Ice/Necr       Unusable   N/A       N/A         6
 Spellforged Servitor     Conj/Summ      Unusable   N/A       N/A         7

Dungeon Overview and Level Annotations

Branches:
Dungeon (13/15)            Temple (1/1) D:7            Lair (5/5) D:10
 Shoals (4/4) Lair:3        Snake (4/4) Lair:3        Slime (0/5) Lair:5
    Orc (2/2) D:10            Elf (3/3) Orc:2        Vaults (3/5) D:13
  Crypt (1/3) Vaults:2     Bailey (visited)           IceCv (visited)
Volcano (visited)         Gauntlet (visited)

Altars:
Ashenzari
Cheibriados
Dithmenos
Elyvilon
Fedhas
Gozag
Hepliaklqana
Kikubaaqudgha
Makhleb
Nemelex Xobeh
Okawaru
Qazlal
Ru
Sif Muna
Trog
Uskayaw
Vehumet
Wu Jian
Xom
Yredelemnul
Zin
The Shining One
Lugonu

Shops:
D:3 !   D:7 ?   D:8 [   D:11 ?!:   Orc:1 [   Orc:2 :(**   Elf:1 ==:[
Snake:2 (!([   Vaults:1 *   Vaults:2 (*

Portals:
Abyss: Lair:5
Pandemonium: Orc:2

Annotations:
Lair:3 1 runed translucent door, Fiunamek's ghost, journeyman HOFi
Shoals:2 Roxanne
Snake:1 1 runed translucent door, Fractals's ghost, journeyman MiBe


Innate Abilities, Weirdness & Mutations

You have a pair of horns on your head.
You reflexively headbutt those who attack you in melee.
You are partially covered in iridescent scales. (AC +2)
You are clumsy. (Dex -2)
Your spells are a little easier to cast, but a little less powerful.
You expend magic power (3 MP) to strengthen your wands.


Message History

You kill the daeva!
Okawaru accepts your kill.
Your +9 spectral broad axe disappears.
You feel the corruption within you wane completely.
You no longer feel vulnerable to heat.
Unknown command.
You start resting.
You feel like a meek peon again.
You hear a grinding noise.
You slash the raiju! Your headbutt misses the raiju.
The raiju is heavily wounded.
Your +9 spectral broad axe hits the raiju!!
You kill the raiju!
Okawaru accepts your kill.
You hear a bark! x2
You start resting.
Your +9 spectral broad axe disappears.
A raiju is nearby!
You slice the raiju!! Your headbutt misses the raiju.
The raiju is severely wounded.
Your +9 spectral broad axe closely misses the raiju.
You barely miss the raiju.
The raiju is severely wounded.
Your +9 spectral broad axe hits the raiju!
You kill the raiju!
Okawaru accepts your kill. You block the sixfirhy's attack.
The sixfirhy hits you.
* * * LOW HITPOINT WARNING * * *
The sixfirhy shocks you. You resist.
* * * LOW HITPOINT WARNING * * *
The sixfirhy closely misses you. You furiously retaliate!
You headbutt the sixfirhy. You hit the sixfirhy.
Your headbutt misses the sixfirhy.
The sixfirhy is moderately wounded.
Your +9 spectral broad axe hits the sixfirhy!!
The substance of the Abyss twists violently, and a gateway leading out appears!
You block the sixfirhy's attack. x2; The sixfirhy hits you.
* * * LOW HITPOINT WARNING * * *
The sixfirhy shocks you. You resist.
You die...

#### ##
4Z.#
##(3##.. X
. #§@#. X#
####p###hW
h# * *h.#
. #. ## p
.# . # # #
# # A# .#
. ....# #
. # . . #
#. ## .


You could see a sixfirhy and a friendly +9 spectral broad axe.

Vanquished Creatures
  Mara (Elf:3)
  Vashnia (Snake:4)
  Nikola (Elf:2)
  Mlioglotl (Snake:2)
  2 deep elf master archers (Elf:3)
  2 deep elf blademasters (Elf:3)
  Polyphemus (Shoals:2)
  2 sphinxes (Shoals:4)
  6 tentacled starspawn
  An ancient champion (Crypt:1)
  A rockslime (IceCv)
  3 azure jellies (IceCv)
  3 deep elf sorcerers
  3 nagarajas (Snake:4)
  A daeva (Abyss:5)
  3 deep elf elementalists (Elf:3)
  2 ghost moths (Abyss:4)
  5 vault wardens
  4 orc warlords
  7 ironbound preservers
  A stone giant (Crypt:1)
  2 ironbound thunderhulks (Vaults:2)
  4 quicksilver oozes (IceCv)
  7 deep elf demonologists (Elf:3)
  Azrael (D:12)
  5 deep elf annihilators
  12 dire elephants
  3 minotaurs
  A yellow draconian (Crypt:1)
  An ettin (Vaults:2)
  An eidolon (Abyss:5)
  7 deep elf death magi
  4 merfolk javelineers
  3 merfolk impalers
  3 yaktaur captains (Vaults:1)
  A deep elf high priest (Elf:3)
  A great orb of eyes (Vaults:2)
  An ice dragon (Lair:2)
  3 salamander tyrants (Snake:4)
  5 hydras
  7 centaur warriors
  3 alligator snapping turtles
  A merfolk aquamancer (Shoals:3)
  6 boulder beetles
  2 death knights (Vaults:2)
  7 two-headed ogres
  32 dancing weapons
  7 ironbound frosthearts
  17 anacondas
  3 catoblepae
  2 merfolk avatars
  13 satyrs
  3 death yaks
  16 naga warriors
  8 orc high priests
  3 shock serpents
  3 hell knights (Abyss:5)
  2 soul eaters
  15 deep elf knights
  11 naga sharpshooters
  6 thrashing horrors
  3 skeletal warriors (Crypt:1)
  2 skysharks (Shoals:3)
  5 wretched stars
  10 deep elf archers
  16 sea snakes
  16 deep trolls
  2 salamander mystics
  8 ironbound convokers
  8 large abominations
  A deep troll (shapeshifter) (Elf:3)
  A swamp dragon (Abyss:4)
  2 naga ritualists
  3 wizards
  22 deep elf zephyrmancers
  A lindwurm (Vaults:2)
  3 necromancers
  40 deep elf pyromancers
  21 orc knights
  6 mana vipers
  19 harpies
  18 fauns
  9 starcursed masses (Abyss:5)
  7 orc sorcerers
  4 ugly things
  10 manticores
  A sphinx skeleton (Vaults:1)
  3 cyclopes
  2 worldbinders
  3 human skeletons
  8 salamanders
  An apocalypse crab (Abyss:4)
  9 merfolk sirens
  8 guardian serpents
  6 water nymphs
  2 smoke demons
  An elf zombie (Vaults:1)
  An elephant (Lair:4)
  25 black mambas
  12 naga magi
  Maurice (D:11)
  8 cane toads
  7 vault sentinels
  5 human zombies
  A rime drake (shapeshifter) (D:13)
  2 orange demons
  A gargoyle (D:13)
  19 yaktaurs
  3 unseen horrors
  8 rime drakes
  8 komodo dragons
  Psyche (D:11)
  An efreet (Abyss:5)
  A komodo dragon (shapeshifter) (Lair:5)
  An anaconda simulacrum (Shoals:1)
  2 ice devils (Lair:2)
  4 trolls
  A queen bee (Lair:4)
  6 ancient zymes
  A wind drake (shapeshifter) (Elf:2)
  A hellwing (Orc:2)
  A tarantella (shapeshifter) (Elf:2)
  19 merfolk
  A troll (shapeshifter) (Lair:5)
  6 meliai
  2 wind drakes (Shoals:4)
  A hornet (D:9)
  3 polar bears
  6 raiju
  14 blink frogs
  9 dream sheep
  6 snapping turtles
  5 air elementals
  4 ynoxinuls
  Sigmund (D:4)
  3 dire elephant simulacra
  33 slime creatures
  3 vampires
  11 basilisks
  A spriggan (shapeshifter) (Lair:5)
  A spriggan (Lair:5)
  7 wraiths
  A wyvern (Lair:4)
  A golden eye (Abyss:4)
  9 water elementals
  60 yaks
  3 chaos spawn
  10 fire elementals
  9 vampire mosquitoes
  A yaktaur simulacrum (Vaults:1)
  2 minotaur simulacra (Shoals:1)
  2 wargs
  A neqoxec (Abyss:4)
  24 nagas
  Edmund (D:6)
  A harpy simulacrum (Shoals:1)
  4 acid dragons
  6 hell hounds
  18 water moccasins
  2 ice beasts
  54 orc warriors
  12 small abominations
  5 black bears
  5 boggarts (Vaults:2)
  14 wolves
  3 great orb of eyes simulacra (IceCv)
  8 ogres
  23 centaurs
  A slime creature simulacrum (IceCv)
  2 phantoms
  A kobold brigand (D:7)
  12 bullfrogs
  2 scorpions (D:5)
  4 glowing shapeshifter simulacra (IceCv)
  5 earth elementals
  15 wights
  A two-headed ogre simulacrum (Lair:2)
  An elephant simulacrum (Lair:2)
  2 lindwurm simulacra (Shoals:1)
  29 killer bees (Lair:4)
  An oklob sapling (D:7)
  7 howler monkeys
  3 electric eels
  3 lava snakes (Lair:3)
  6 hounds
  4 jellies
  36 orc priests
  3 gnoll boudas
  Terence (D:2)
  4 iguanas
  16 orc wizards
  2 hell rats (Lair:4)
  2 spriggan simulacra
  A killer bee zombie (Crypt:1)
  4 mummies (Crypt:1)
  8 adders
  20 gnolls
  3 shadow imps (Gauntlet)
  3 white imps
  2 ufetubi (D:4)
  A worm (D:2)
  4 dart slugs
  83 orcs
  8 endoplasms
  22 goblins
  10 hobgoblins
  4 jackals
  3 kobolds
  7 quokkas
  10 ball pythons
  5 bats
  3 frilled lizards
  3 rats
  5 starspawn tentacles
1472 creatures vanquished.

Vanquished Creatures (others)
  A deep elf demonologist (Elf:3)
  A dancing weapon (Elf:2)
  2 deep elf knights
  A spriggan simulacrum (Abyss:4)
  A deep elf zephyrmancer (Elf:1)
  A deep elf pyromancer (Elf:1)
  A draconian (D:1)
  A gargoyle (D:1)
  A merfolk (D:1)
  A water elemental (Elf:3)
  An air elemental (Elf:3)
  A tengu (D:1)
  An ogre (D:1)
  2 felids (D:1)
  3 mummies (D:1)
  A gnoll (D:1)
  A kobold (D:1)
  2 lurking horrors
  36 spectral weapons
  10 starspawn tentacles
  24 tentacles
93 creatures vanquished.

Grand Total: 1565 creatures vanquished

Notes
Turn   | Place    | Note
-------+----------+-------------------------------------------
     0 | D:1      | seaoflcl the Minotaur Fighter began the quest for the Orb.
     0 | D:1      | Reached XP level 1. HP: 19/19 MP: 0/0
     0 | D:1      | Noticed a draconian
     0 | D:1      | Noticed an ogre
     0 | D:1      | Noticed a gargoyle
     0 | D:1      | Noticed a kraken
     0 | D:1      | Noticed a felid
     0 | D:1      | Noticed a tengu
     0 | D:1      | Noticed a felid
     0 | D:1      | Noticed a merfolk
     3 | D:1      | Killed a gargoyle
     7 | D:1      | Killed an ogre
     9 | D:1      | Killed a felid
    10 | D:1      | Killed a merfolk
    10 | D:1      | Killed a tengu
    13 | D:1      | Killed a felid
    15 | D:1      | Killed a draconian
   212 | D:1      | Reached XP level 2. HP: 26/27 MP: 1/1
   906 | D:2      | Noticed Terence
   909 | D:2      | Reached skill level 4 in Armour
   909 | D:2      | Reached XP level 3. HP: 28/33 MP: 2/2
   912 | D:2      | Killed Terence
  1302 | D:2      | Reached XP level 4. HP: 40/40 MP: 3/3
  1820 | D:3      | Found Inezozy's Distillery.
  2119 | D:3      | Reached XP level 5. HP: 41/47 MP: 4/4
  2360 | D:4      | Noticed Sigmund
  2372 | D:4      | Killed Sigmund
  2373 | D:4      | Reached skill level 5 in Axes
  2373 | D:4      | Reached skill level 1 in Throwing
  2373 | D:4      | Reached XP level 6. HP: 43/55 MP: 5/5
  2460 | D:4      | Found a glowing golden altar of the Shining One.
  2525 | D:4      | Reached skill level 5 in Fighting
  2525 | D:4      | Reached skill level 5 in Armour
  2525 | D:4      | Reached skill level 5 in Shields
  2690 | D:4      | Found a broken altar of Ashenzari.
  2755 | D:4      | Reached XP level 7. HP: 39/61 MP: 6/6
  3075 | D:5      | Entered Level 5 of the Dungeon
  4071 | D:5      | Found a burning altar of Makhleb.
  4124 | D:5      | Reached XP level 8. HP: 44/70 MP: 7/7
  4357 | D:5      | Reached skill level 6 in Armour
  4865 | D:6      | Noticed Edmund
  4881 | D:6      | Killed Edmund
  5045 | D:6      | Found an ornate altar of the Wu Jian Council.
  5489 | D:7      | Reached XP level 9. HP: 53/78 MP: 6/8
  5648 | D:7      | Identified the +1 robe of Jyumeyn {MP+9 SInv}
  5847 | D:7      | Reached skill level 7 in Armour
  6054 | D:7      | Found a staircase to the Ecumenical Temple.
  6098 | Temple   | Entered the Ecumenical Temple
  6214 | Temple   | Became a worshipper of Warmaster Okawaru
  6592 | D:7      | Found The Oracle's Delphic Readings.
  6609 | D:7      | Bought a scroll of enchant weapon for 90 gold pieces
  6609 | D:7      | Bought a scroll of blinking for 90 gold pieces
  6783 | D:8      | Found Ruptu Nio's Antique Armour Emporium.
  7255 | D:8      | Reached * piety under Okawaru
  7293 | D:8      | Reached skill level 10 in Axes
  7293 | D:8      | Reached skill level 5 in Throwing
  7393 | D:8      | Found a shadowy altar of Dithmenos.
  7410 | D:8      | Found a glowing silver altar of Zin.
  7414 | D:8      | Found a stormy altar of Qazlal.
  7414 | D:8      | Found a shimmering altar of Xom.
  7421 | D:8      | Found a hide-covered altar of Uskayaw.
  7759 | D:9      | Noticed a two-headed ogre
  7773 | D:9      | Killed a two-headed ogre
  7773 | D:9      | Reached ** piety under Okawaru
  7774 | D:9      | Reached skill level 1 in Short Blades
  7774 | D:9      | Reached skill level 8 in Armour
  7774 | D:9      | Reached XP level 10. HP: 79/88 MP: 9/9
  7901 | D:9      | Found a flagged portal.
  7928 | Bailey   | Entered a bailey
  8286 | Bailey   | Noticed an orc warlord
  8286 | Bailey   | Noticed an orc knight
  8286 | Bailey   | Noticed an orc knight
  8306 | Bailey   | Killed an orc knight
  8415 | Bailey   | Killed an orc knight
  8415 | Bailey   | Reached *** piety under Okawaru
  8526 | Bailey   | Reached skill level 9 in Armour
  8778 | Bailey   | HP: 4/90 [orc warlord/+4 broad axe (20)]
  8779 | Bailey   | Killed an orc warlord
  9006 | Bailey   | Identified the amulet "Ostrenny" {RegenMP Rampage}
  9274 | D:9      | Reached **** piety under Okawaru
  9353 | D:9      | Noticed a boulder beetle
  9395 | D:9      | Killed a boulder beetle
  9396 | D:9      | Reached XP level 11. HP: 47/95 MP: 10/10
  9781 | D:9      | Found a blossoming altar of Fedhas.
 10352 | D:9      | Noticed a two-headed ogre
 10359 | D:9      | Killed a two-headed ogre
 10359 | D:9      | Received a gift from Okawaru
 10360 | D:9      | Reached skill level 10 in Armour
 10603 | D:10     | Entered Level 10 of the Dungeon
 11016 | D:10     | Reached ***** piety under Okawaru
 11102 | D:10     | Acquired the +4 hat "Cawo" {rElec Str+3 SInv}
 11221 | D:10     | Reached skill level 1 in Evocations
 11385 | D:10     | Found a staircase to the Lair.
 11579 | D:10     | Found a staircase to the Orcish Mines.
 11687 | Lair:1   | Entered Level 1 of the Lair of Beasts
 11691 | Lair:1   | Found a dark tunnel.
 11717 | Volcano  | Entered a volcano
 11909 | Volcano  | Noticed a deep elf pyromancer
 11910 | Volcano  | Noticed a deep elf pyromancer
 11910 | Volcano  | Noticed a deep elf pyromancer
 11931 | Volcano  | Killed a deep elf pyromancer
 11932 | Volcano  | Killed a deep elf pyromancer
 11939 | Volcano  | Killed a deep elf pyromancer
 11940 | Volcano  | Reached skill level 11 in Armour
 11947 | Volcano  | Noticed a deep elf pyromancer
 11959 | Volcano  | Killed a deep elf pyromancer
 12035 | Volcano  | Noticed a deep elf pyromancer
 12035 | Volcano  | Noticed a deep elf archer
 12035 | Volcano  | Noticed a deep elf pyromancer
 12048 | Volcano  | Killed a deep elf pyromancer
 12048 | Volcano  | Killed a deep elf pyromancer
 12054 | Volcano  | Killed a deep elf archer
 12055 | Volcano  | Reached skill level 5 in Short Blades
 12055 | Volcano  | Reached XP level 12. HP: 101/106 MP: 11/11
 12232 | Lair:1   | Reached ****** piety under Okawaru
 12509 | Lair:1   | Identified the +0 ring mail "Laenuy" {+Blink Int+4 Dex+4}
                  | (Okawaru gifted it to you on level 1 of the Lair of Beasts)
 12509 | Lair:1   | Received a gift from Okawaru
 12703 | Lair:1   | Reached skill level 10 in Fighting
 12703 | Lair:1   | Reached skill level 10 in Shields
 13347 | Lair:2   | Noticed an ice dragon
 13371 | Lair:2   | Killed an ice dragon
 13380 | Lair:2   | Reached skill level 12 in Armour
 14463 | Lair:3   | Noticed a five-headed hydra
 14466 | Lair:3   | Noticed a catoblepas
 14473 | Lair:3   | Killed a five-headed hydra
 14491 | Lair:3   | Killed a catoblepas
 14646 | Lair:3   | Identified the +0 ring mail of Amorality {rElec Str+2 Int+7
                  | Stlth-} (Okawaru gifted it to you on level 3 of the Lair of
                  | Beasts)
 14646 | Lair:3   | Received a gift from Okawaru
 14647 | Lair:3   | Reached XP level 13. HP: 114/114 MP: 12/12
 14984 | Lair:3   | Found a staircase to the Snake Pit.
 15082 | Lair:3   | Found a runed translucent door.
 15083 | Lair:3   | Found a shimmering altar of Xom.
 15083 | Lair:3   | Noticed Fiunamek's ghost (journeyman HOFi)
 15218 | Lair:3   | Found a staircase to the Shoals.
 15740 | Lair:4   | Reached skill level 13 in Armour
 17006 | Lair:4   | Identified the +0 ring mail of Free Expression {*Corrode
                  | rN+++ Regen+ Int+4}
 17103 | Lair:4   | Identified the +9 dagger of Bequeathed Defence {flame, rC+}
                  | (Okawaru gifted it to you on level 4 of the Lair of Beasts)
 17103 | Lair:4   | Received a gift from Okawaru
 17206 | Lair:5   | Entered Level 5 of the Lair of Beasts
 17217 | Lair:5   | Reached skill level 5 in Evocations
 17234 | Lair:4   | Reached skill level 15 in Axes
 17632 | Lair:5   | Acquired the +0 pair of gloves "Hiseses" {rF++}
 17790 | Lair:5   | Found a staircase to the Slime Pits.
 18412 | Lair:5   | Reached skill level 14 in Armour
 18418 | Lair:5   | Reached XP level 14. HP: 120/124 MP: 13/13
 18469 | Lair:5   | Identified the quicksilver dragon scales of Geshra {+Blink
                  | Will+} (Okawaru gifted it to you on level 5 of the Lair of
                  | Beasts)
 18469 | Lair:5   | Received a gift from Okawaru
 18603 | Lair:5   | Got the Cyclopedia of Ashen Points
 18679 | Lair:5   | Found a corrupted altar of Lugonu.
 18679 | Lair:5   | Found a one-way gate to the infinite horrors of the Abyss.
 19251 | Shoals:1 | Entered Level 1 of the Shoals
 19272 | Shoals:1 | Found a frozen archway.
 19326 | IceCv    | Entered an ice cave
 19469 | IceCv    | Noticed a quicksilver ooze
 19477 | IceCv    | Killed a quicksilver ooze
 19497 | IceCv    | Noticed a quicksilver ooze
 19502 | IceCv    | Killed a quicksilver ooze
 19508 | IceCv    | Noticed a quicksilver ooze
 19514 | IceCv    | Killed a quicksilver ooze
 19515 | IceCv    | Identified the +9 ice dragon scales of Jumemi {rF- rC++
                  | Int+3}
 19536 | IceCv    | Got the Compilation of Chilblains
 19901 | IceCv    | Noticed a quicksilver ooze
 19905 | IceCv    | Killed a quicksilver ooze
 19919 | IceCv    | Noticed a rockslime
 19932 | IceCv    | Killed a rockslime
 19932 | IceCv    | Received a gift from Okawaru
 20011 | IceCv    | Found a viscous altar of Jiyva.
 20011 | IceCv    | Noticed an azure jelly
 20023 | IceCv    | Killed an azure jelly
 20024 | IceCv    | Reached skill level 15 in Armour
 20057 | IceCv    | Noticed an azure jelly
 20057 | IceCv    | Noticed an azure jelly
 20073 | IceCv    | Killed an azure jelly
 20073 | IceCv    | Identified the scarf "Vaegij" {rC+ rF+, Will+} (Okawaru
                  | gifted it to you in an ice cave)
 20073 | IceCv    | Received a gift from Okawaru
 20074 | IceCv    | Killed an azure jelly
 20318 | IceCv    | Identified the +0 ring mail "Wuis" {+Blink Int+5}
 20483 | Shoals:1 | Identified the +10 morningstar of Dithmenos, Bedazzling
                  | {spect, rCorr Int+4}
 20648 | Shoals:1 | Reached skill level 1 in Maces & Flails
 20660 | Shoals:1 | Got the Catalogue of the Glacial Excursion
 20786 | Shoals:1 | Reached skill level 1 in Dodging
 21034 | Shoals:2 | Reached XP level 15. HP: 48/133 MP: 14/14
 21240 | Shoals:2 | You fall into a shaft and drop 1 floor!
 21774 | Shoals:2 | Noticed Polyphemus
 21795 | Shoals:2 | Killed Polyphemus
 22119 | Shoals:2 | Identified Roxanne's Incunable of the Shapeshifter
 22119 | Shoals:2 | Noticed Roxanne
 22191 | Shoals:2 | Found a hide-covered altar of Uskayaw.
 22226 | Shoals:2 | Noticed a kraken
 22227 | Shoals:2 | Received a gift from Okawaru
 22585 | Shoals:3 | Identified the +0 pair of gloves "Plog" {Fly rPois}
                  | (Okawaru gifted it to you on level 3 of the Shoals)
 22585 | Shoals:3 | Received a gift from Okawaru
 22677 | Shoals:3 | Reached skill level 10 in Throwing
 22729 | Shoals:4 | Entered Level 4 of the Shoals
 22745 | Shoals:4 | Reached skill level 5 in Maces & Flails
 23102 | Shoals:4 | Reached skill level 16 in Armour
 23582 | Shoals:4 | Received a gift from Okawaru
 23611 | Shoals:4 | Noticed a sphinx
 23614 | Shoals:4 | Received a gift from Okawaru
 23615 | Shoals:4 | Reached XP level 16. HP: 106/143 MP: 15/15
 23621 | Shoals:4 | Killed a sphinx
 23621 | Shoals:4 | Received a gift from Okawaru
 23629 | Shoals:4 | Noticed a sphinx
 23635 | Shoals:4 | Killed a sphinx
 23636 | Shoals:4 | Identified the +1 leather armour "Qiosmet" {-Tele Fly rF+
                  | Int+3}
 23666 | Shoals:4 | Received a gift from Okawaru
 24305 | Shoals:4 | Got the Spellbook of Concussion
 24353 | Shoals:4 | Got a barnacled rune of Zot
 24450 | Shoals:4 | Identified the +1 morningstar "Sengoj" {venom, Str+6 Int-4
                  | Dex+2} (Okawaru gifted it to you on level 4 of the Shoals)
 24450 | Shoals:4 | Received a gift from Okawaru
 24666 | Shoals:3 | Noticed a kraken
 25139 | D:11     | Reached skill level 10 in Short Blades
 25488 | D:11     | Noticed Psyche
 25492 | D:11     | Killed Psyche
 25536 | D:11     | Noticed Maurice
 25556 | D:11     | Killed Maurice
 25591 | D:11     | Found Gyxkuamn's Magic Scroll Shoppe.
 25597 | D:11     | Bought a scroll of blinking for 90 gold pieces
 25597 | D:11     | Bought a scroll of teleportation for 36 gold pieces
 25671 | D:11     | Reached skill level 5 in Dodging
 25676 | D:11     | Found Fieneh's Distillery.
 25684 | D:11     | Bought a potion of curing for 51 gold pieces
 25684 | D:11     | Bought a potion of curing for 51 gold pieces
 25684 | D:11     | Bought a potion of curing for 51 gold pieces
 25745 | D:11     | Found Rysiak's Book Emporium.
 26079 | D:12     | Noticed Azrael
 26087 | D:12     | Killed Azrael
 26231 | D:12     | Reached skill level 17 in Armour
 26516 | D:12     | Found a gate leading to a gauntlet.
 26524 | Gauntlet | Entered a Gauntlet
 26524 | Gauntlet | Found a transporter.
 26524 | Gauntlet | Found a transporter.
 26527 | Gauntlet | Found a transporter.
 26531 | Gauntlet | Found a transporter.
 26531 | Gauntlet | Found a transporter.
 26532 | Gauntlet | Found a transporter.
 26568 | Gauntlet | Found a transporter.
 26618 | Gauntlet | Found a transporter.
 26619 | Gauntlet | Found a transporter.
 26625 | Gauntlet | Found a runed translucent gate.
 26625 | Gauntlet | Found a runed translucent gate.
 26625 | Gauntlet | Found a runed translucent gate.
 26627 | Gauntlet | Found a transporter.
 26710 | Gauntlet | Found a transporter.
 27210 | D:12     | Identified the +2 ring mail "Cuenn" {rPois rCorr}
 27405 | D:13     | Received a gift from Okawaru
 27618 | D:13     | Received a gift from Okawaru
 28129 | D:13     | Found a gate to the Vaults.
 28137 | Vaults:1 | Entered Level 1 of the Vaults
 28398 | Vaults:1 | Received a gift from Okawaru
 28482 | Vaults:1 | Reached XP level 17. HP: 148/150 MP: 16/16
 28855 | Vaults:1 | Identified the +0 cloak of Okawaru's Hope {-Tele Rampage
                  | +Inv Int-4} (Okawaru gifted it to you on level 1 of the
                  | Vaults)
 28855 | Vaults:1 | Received a gift from Okawaru
 29055 | Vaults:1 | Found Afuip's Assorted Antiques.
 29083 | Vaults:1 | Bought the +3 pair of seven-league boots {Rampage+∞} for
                  | 1440 gold pieces
 29083 | Vaults:1 | Found the +3 pair of seven-league boots {Rampage+∞}
 29226 | Vaults:1 | Reached skill level 10 in Maces & Flails
 29697 | Vaults:1 | Noticed a tentacled monstrosity
 29895 | Vaults:1 | Reached skill level 18 in Armour
 30331 | Vaults:2 | Received a gift from Okawaru
 30738 | Vaults:2 | Found a staircase to the Crypt.
 31094 | Vaults:2 | Received a gift from Okawaru
 31162 | Vaults:2 | Received a gift from Okawaru
 31215 | Vaults:2 | Reached XP level 18. HP: 71/161 MP: 17/17
 31637 | Vaults:2 | Found Giupemn's General Store.
 31641 | Vaults:2 | Bought a scroll of enchant armour for 127 gold pieces
 31827 | Vaults:2 | Found Lupliwk's Weapon Shop.
 32475 | Snake:1  | Entered Level 1 of the Snake Pit
 32636 | Snake:1  | Found a runed translucent door.
 32638 | Snake:1  | Noticed Fractals's ghost (journeyman MiBe)
 32746 | Snake:1  | Received a gift from Okawaru
 33393 | Snake:2  | Received a gift from Okawaru
 33600 | Snake:2  | Noticed Mlioglotl
 33609 | Snake:2  | Killed Mlioglotl
 33609 | Snake:2  | Received a gift from Okawaru
 33839 | Snake:2  | Reached skill level 19 in Armour
 34038 | Snake:2  | Found Besyfe's Antique Armour Emporium.
 34041 | Snake:2  | Found Jibuec's Antique Weapon Emporium.
 34041 | Snake:2  | Found Otsa's Distillery.
 34048 | Snake:2  | Found Ysin's Weapon Shoppe.
 34064 | Snake:2  | Bought a potion of cancellation for 136 gold pieces
 34064 | Snake:2  | Bought a potion of might for 68 gold pieces
 34778 | Snake:3  | Received a gift from Okawaru
 35220 | Snake:4  | Entered Level 4 of the Snake Pit
 35690 | Snake:4  | Reached skill level 1 in Long Blades
 35786 | Snake:4  | Identified the +1 pair of boots of Axtenies {Contam Str+4
                  | SInv} (Okawaru gifted it to you on level 4 of the Snake
                  | Pit)
 35786 | Snake:4  | Received a gift from Okawaru
 35806 | Snake:4  | Noticed Vashnia
 35807 | Snake:4  | Reached skill level 15 in Fighting
 35899 | Snake:4  | Reached skill level 15 in Shields
 35946 | Snake:4  | Killed Vashnia
 35957 | Snake:4  | Reached XP level 19. HP: 43/170 MP: 18/18
 36307 | Snake:4  | Got a serpentine rune of Zot
 36798 | Orc:1    | Entered Level 1 of the Orcish Mines
 36978 | Orc:1    | Found Mus Jeak's Distillery.
 37159 | Orc:1    | Found Xouclud's Armour Boutique.
 37364 | Orc:2    | Entered Level 2 of the Orcish Mines
 37397 | Orc:2    | Found Opi Xiz's General Store.
 37398 | Orc:2    | Found Rawkim's General Store.
 37538 | Orc:2    | Bought a scroll of enchant armour for 90 gold pieces
 37694 | Orc:2    | Found a staircase to the Elven Halls.
 37787 | Orc:2    | Gained mutation: You are dopey. (Int -2) [a neqoxec]
 37788 | Orc:2    | Gained mutation: You are weak. (Str -2) [a neqoxec]
 37968 | Orc:2    | Found Bopnit's Book Emporium.
 37968 | Orc:2    | Found a one-way gate leading to the halls of Pandemonium.
 37968 | Orc:2    | Found Defutaol's Antique Weapon Shoppe.
 38518 | Elf:1    | Entered Level 1 of the Elven Halls
 38634 | Elf:1    | Identified the +10 great sword of the Evening {holy, Int+5}
 38666 | Elf:1    | Received a gift from Okawaru
 38768 | Elf:1    | Found Caopunasa's Armour Shop.
 38768 | Elf:1    | Found the +2 Maxwell's thermic engine {flame, freeze, rev}
 39148 | Elf:1    | Identified the +1 plate armour of Circular Logic {Dex+4}
 39269 | Elf:1    | Found Goojall's Book Shoppe.
 39269 | Elf:1    | Found Inash's Jewellery Boutique.
 39270 | Elf:1    | Found Deniro Apeul's Jewellery Boutique.
 39440 | Elf:2    | Reached skill level 20 in Armour
 39457 | Elf:2    | Paralysed by an air elemental for 1 turns
 39461 | Elf:2    | Reached skill level 10 in Evocations
 39471 | Elf:2    | Paralysed by an air elemental for 1 turns
 39476 | Elf:2    | Paralysed by an air elemental for 1 turns
 39663 | Elf:2    | Identified the +1 hat of the Elven Halls {rF- rN++ Int+2
                  | Dex+3} (Okawaru gifted it to you on level 2 of the Elven
                  | Halls)
 39663 | Elf:2    | Received a gift from Okawaru
 39899 | Elf:2    | Noticed Nikola
 39913 | Elf:2    | Killed Nikola
 40297 | Elf:2    | Found a runed translucent gate.
 40297 | Elf:2    | Found a runed translucent gate.
 40297 | Elf:2    | Found a runed translucent gate.
 40573 | Elf:2    | Reached skill level 5 in Long Blades
 41104 | Elf:3    | Entered Level 3 of the Elven Halls
 41138 | Elf:3    | Reached XP level 20. HP: 166/180 MP: 19/19
 41153 | Elf:3    | Paralysed by an air elemental for 1 turns
 41158 | Elf:3    | Received a gift from Okawaru
 41613 | Elf:3    | Noticed Mara
 41624 | Elf:3    | Identified the +2 chain mail of the Sacrificial Victim
                  | {Will+}
 42338 | Elf:3    | Received a gift from Okawaru
 42339 | Elf:3    | Reached skill level 15 in Maces & Flails
 42715 | Elf:3    | Reached skill level 10 in Dodging
 42864 | Elf:3    | Identified the +2 chain mail "Tegusuco" {rPois Slay+3}
 42869 | Elf:3    | Identified the ring "Fydinirgh" {Fly Str+3}
 42873 | Elf:3    | Noticed seaoflcl's illusion
 42896 | Abyss:3  | Cast into level 3 of the Abyss (a deep elf sorcerer)
 42897 | Abyss:3  | Found a corrupted altar of Lugonu.
 42901 | Abyss:3  | Fell from the grace of Okawaru
 42901 | Abyss:3  | Became a worshipper of Lugonu the Unformed
 42901 | Abyss:3  | Reached * piety under Lugonu
 42901 | Abyss:3  | Reached ** piety under Lugonu
 42902 | Elf:3    | Escaped the Abyss
 43304 | Elf:3    | Fell from the grace of Lugonu
 43681 | Crypt:1  | Entered Level 1 of the Crypt
 44232 | Temple   | Became a worshipper of Warmaster Okawaru
 45213 | Elf:3    | Noticed seaoflcl's illusion
 45214 | Elf:3    | Killed Mara
 45215 | Elf:3    | Reached skill level 21 in Armour
 45234 | Abyss:4  | Cast into level 4 of the Abyss (Lugonu's touch)
 45460 | Abyss:4  | Paralysed by accursed screaming for 2 turns
 45465 | Abyss:4  | Paralysed by accursed screaming for 2 turns
 45705 | Abyss:5  | Found a corrupted altar of Lugonu.
 45727 | Elf:3    | Escaped the Abyss
 45896 | Elf:3    | Identified the +1 rapier "Adghoascha" {freeze, rElec Str+3}
 45904 | Elf:3    | Gained mutation: You are clumsy. (Dex -2) [a neqoxec]
 45906 | Elf:3    | Gained mutation: You are vulnerable to heat. (rF-) [a
                  | neqoxec]
 45908 | Abyss:5  | Cast into level 5 of the Abyss (a deep elf sorcerer)
 46122 | Abyss:5  | Noticed a profane servitor
 46210 | Abyss:5  | Lost mutation: You are extremely vulnerable to heat.
                  | (rF---) [potion of mutation]
 46210 | Abyss:5  | Lost mutation: You are dopey. (Int -2) [potion of mutation]
 46210 | Abyss:5  | Lost mutation: You are weak. (Str -2) [potion of mutation]
 46210 | Abyss:5  | Gained mutation: You expend magic power (3 MP) to
                  | strengthen your wands. [potion of mutation]
 46210 | Abyss:5  | Gained mutation: Your spells are a little easier to cast,
                  | but a little less powerful. [potion of mutation]
 46210 | Abyss:5  | Gained mutation: You are partially covered in iridescent
                  | scales. (AC +2) [potion of mutation]
 46261 | Abyss:5  | HP: 9/181 [daeva/+4 long sword of holy wrath (6)]
 46268 | Abyss:5  | HP: 7/181 [sixfirhy[a cacodemon] (5)]
 46269 | Abyss:5  | HP: 3/181 [sixfirhy[a cacodemon] (1)]
 46269 | Abyss:5  | Slain by a sixfirhy

Illustrated notes

Levels and vault maps discovered:
D:1:      nicolae_arrival_kraken_aquarium_a, layout_basic,
          minmay_misc_feat_diagonals
D:2:      layout_basic, uniq_terence
D:3:      layout_rooms, serial_glass, glass_columns_b, glass_columns_b,
          glass_columns_b, glass_columns_c, serial_shops,
          nicolae_shop_tiny_waterfront, saegor_snake_ambush
D:4:      layout_rooms, nicolae_ashenzari_panopticon, tso_metal_star,
          uniq_sigmund
D:5:      layout_basic, nicolae_overflow_crystal_walls
D:6:      layout_basic, nzn_wu_jian_contemplation, solitary_fountain,
          uniq_edmund
D:7:      layout_loops_ring, minmay_temple_entry_oklob,
          nicolae_nh_oracle_at_delphi
D:8:      layout_basic, nicolae_overflow_hallway_of_the_gods, serial_shops,
          shop, serial_curves, eino_curves_01, eino_curves_04
D:9:      layout_layer_cave, fedhas_altar_3, enter_bailey_7, chequers_garden
D:10:     layout_roguey, lair_entry_dummy, david_orc_4,
          hangedman_corner_corridor
D:11:     layout_stronghold, serial_shops, nicolae_shop_hallway_plus,
          shop_statue, shop, chequers_mini_garden, uniq_maurice, uniq_psyche
D:12:     layout_loops_ring, gauntlet_entry_generic, lightli_minifort,
          uniq_azrael
D:13:     layout_roguey [special_room_orc], david_vaults_1, kennysheep_path_1,
          uniq_josephine
Temple:   minmay_temple_bridge_abc
Lair:1:   layout_cave_pods, nicolae_volcano_entry_lava_flow
Lair:2:   dreamdust_isle_of_ice, layout_concentric_octagons
Lair:3:   layout_regular_city, elwin_shoals_entry_stream,
          nicolae_snake_entry_warm_welcome, ebering_ghost_xom,
          infiniplex_staircase_pool
Lair:4:   regret_index_wax_grids, layout_loops_ring
Lair:5:   hellmonk_lair_end_abyssal_woods, layout_layer_cave,
          minmay_slime_entry_pillars, lemuel_fruit_tree
Shoals:1: layout_shoals, portal_ice_cave_entry_ice_simulacra,
          nicolae_shoals_circle_sea_wall
Shoals:2: layout_shoals, lemuel_centaur_altar, uniq_polyphemus, uniq_roxanne
Shoals:3: dreamdust_from_the_deep, layout_shoals, nicolae_splish_splash
Shoals:4: shoals_end_hellmonk_lost_city
Snake:1:  layout_honeycomb, ebering_ghost_inner_flame
Snake:2:  layout_chambers, nicolae_snake_snake_lake, serial_bayou_shore_b,
          grunt_megastairs_1, minmay_shoptagon, serial_bayou_shore_b,
          uniq_mlioglotl
Snake:3:  layout_gridlike
Snake:4:  grunt_snake_rune_serpentine_throne, layout_onion_interference,
          nicolae_snake_slithery_corners, grunt_ministairs_5,
          nicolae_snake_serpentine_hallways
Orc:1:    layout_diamond_mine, serial_shops, nicolae_shop_scrapyard, shop
Orc:2:    pf_orc_diabolical, layout_diamond_mine
Elf:1:    layout_geoelf_octagon, serial_shops, nicolae_shop_mannequins,
          hangedman_elven_crosses_minicolossus, nicolae_elf_w_pinch, drop_trap,
          minmay_shop_grove
Elf:2:    elven_hall_of_blades_hangedman_original [nicolae_blade_little_rooms],
          layout_loops_corners, drop_trap, uniq_nikola
Elf:3:    elf_hall, layout_rooms, special_room [special_room_orc], uniq_mara
Vaults:1: v_pattern_4, hangedman_vaults_impose, vaults_dpeg_emergency_exit,
          nicolae_vaults_specimen_jars, nicolae_vaults_surprise_closet,
          nicolae_vaults_tetromino_L_2, ontoclasm_vaults_decontamination,
          nicolae_vaults_double_plus_1, vaults_room_stairs_pillars,
          layout_vaults_omnigrid, serial_shops, shop
Vaults:2: nicolae_vaults_ninety_degrees,
          nicolae_vaults_taking_the_gang_shopping, hangedman_vaults_slither,
          v_misc_32, nicolae_vaults_puzzle_piece,
          nicolae_vaults_trapezoid_lopsided_2, blue_anna_dwarven_crypt,
          nicolae_vaults_turnstiles, nicolae_vaults_cochlea,
          nicolae_vaults_little_squares_5, layout_vaults_ring, serial_shops,
          nicolae_shop_pleasant_corner_grove
Vaults:3: hangedman_vaults_stream, kennysheep_vaults_gozag_temple,
          nicolae_vaults_house_2, nicolae_vaults_six-pack,
          nicolae_vaults_offset_grid_hallway_1, nicolae_vaults_more_shelving_2,
          nicolae_vaults_tetromino_L_2, vaults_dpeg_diagonal,
          vaults_mumra_minichess_inversion, nicolae_vaults_apartment_2,
          nicolae_vaults_wine_cellar, nicolae_vaults_sesquioval_fish,
          layout_vaults_chaotic_city, serial_shops, shop
Crypt:1:  layout_gridlike, grunt_crypt_arrival_guarded_gate, uniq_josephina
Abyss:5:  base: D:8, due_evilmike_abyss_rune_seething_liches,
          guppyfry_abyss_exit_imp_island, nicolae_abyss_rune_star_stuff, base:
          Depths:3, hangedman_abyss_exit_choices, evilmike_abyss_exit_plants,
          evilmike_abyss_rune_ettins, minivault_28,
          hangedman_abyss_rune_macabre_mess

Skill      XL: |  1  2  3  4  5  6  7  8  9 10 11 12 13 14 15 16 17 18 19 20 |
---------------+-------------------------------------------------------------+-----
Axes           | 3 4 5 7 8 10 11 12 14 15 16 | 16.2
Fighting       | 4 5 6 7 8 9 10 11 12 13 14 15 16 | 16.3
Armour         | 4 5 6 8 9 11 12 14 15 16 17 18 19 20 21 | 21.2
Shields        | 4 5 6 8 9 10 11 12 13 14 15 16 | 16.2
Throwing       | 1 2 4 5 6 7 8 9 10 11 12 13 | 13.3
Short Blades   | 1 3 5 6 7 8 9 10 11 | 11.7
Evocations     | 2 4 5 6 7 8 9 10 | 10.8
Maces & Flails | 2 6 9 11 13 14 15 | 15.7
Dodging        | 1 4 5 7 8 9 10 | 10.4
Long Blades    | 2 5 7 |  7.0

Action                     |  1- 3 |  4- 6 |  7- 9 | 10-12 | 13-15 | 16-18 | 19-21 || total
---------------------------+-------+-------+-------+-------+-------+-------+-------++-------
  Melee: War axe           |    45 |   113 |   204 |       |       |       |       ||   362
         Headbutt          |     8 |    19 |    68 |    96 |   142 |   256 |   223 ||   812
         Hand axe          |       |       |    73 |   162 |       |       |       ||   235
         Broad axe         |       |       |       |   285 |   603 |   875 |   963 ||  2726
         Short sword       |       |       |       |    20 |    40 |       |       ||    60
         Morningstar       |       |       |       |       |    16 |    29 |       ||    45
  Throw: Boomerang         |       |       |     5 |     7 |       |     3 |       ||    15
         Dart              |       |       |       |     6 |       |       |       ||     6
         Javelin           |       |       |       |    14 |    29 |    15 |    20 ||    78
         Throwing net      |       |       |       |       |       |     1 |       ||     1
 Invoke: Heroism           |       |       |       |     1 |       |       |     1 ||     2
         Finesse           |       |       |       |       |       |     1 |       ||     1
         Depart the Abyss  |       |       |       |       |       |       |     1 ||     1
         Renounce Religion |       |       |       |       |       |       |     1 ||     1
  Evoke: Wand              |       |       |       |       |     2 |       |       ||     2
    Use: Scroll            |       |       |     5 |    16 |    13 |    12 |    12 ||    58
         Potion            |       |       |     2 |     1 |     5 |     5 |    12 ||    25
   Stab: Distracted        |       |       |       |     2 |     4 |    14 |    13 ||    33
         Petrifying        |       |       |       |     1 |       |       |       ||     1
         Petrified         |       |       |       |       |     3 |       |       ||     3
         Held in net/web   |       |       |       |       |       |     1 |       ||     1
 Armour: Scale mail        |    17 |    56 |    75 |       |       |       |       ||   148
         Plate armour      |       |       |    40 |   122 |       |       |       ||   162
         Chain mail        |       |       |       |    53 |   108 |       |       ||   161
         Ice dragon scales |       |       |       |       |   136 |   253 |   217 ||   606
         Quicksilver drago |       |       |       |       |    26 |       |       ||    26
  Dodge: Dodged            |    20 |    58 |   107 |    64 |   162 |   172 |   148 ||   731
  Block: Buckler           |    14 |    27 |    56 |       |       |       |       ||    97
         Kite shield       |       |       |     3 |   288 |   514 |   287 |       ||  1092
         Reflection        |       |       |       |     6 |    59 |   118 |    76 ||   259
         Tower shield      |       |       |       |       |       |   375 |   692 ||  1067
